 Dungeon Crawl Stone Soup version 0.19.5 (webtiles) character file.

186 Monsterracer the Cudgeler (level 5, -14/53 HPs)
             Began as an Ogre Hunter on Apr 13, 2017.
             Demolished by a mummy (19 damage)
             ... in an ossuary.
             The game lasted 00:09:06 (3161 turns).

Monsterracer the Cudgeler (Ogre Hunter)             Turns: 3161, Time: 00:09:07

Health: -14/53     AC:  7    Str: 18    XL:     5   Next: 65%
Magic:  5/5        EV: 12    Int: 10    God:
Gold:   146        SH:  0    Dex: 10    Spells: 0 memorised, 4 levels left

rFire  . . .     SeeInvis .     n - +0 mace
rCold  . . .     Gourm    +     b - +0 robe
rNeg   . . .     Faith    .     (no shield)
rPois  .         Spirit   .     (helmet restricted)
rElec  .         Reflect  .     (no cloak)
rCorr  .         Harm     .     (gloves unavailable)
MR     .....                    (boots unavailable)
Stlth  +.........               o - amulet of the gourmand
                                r - +2 ring of evasion
                                e - +4 ring of protection

@: no status effects
A: unfitting armour, tough skin 1
a: no special abilities


You were in an ossuary.
You were not hungry.

You visited 1 branch of the dungeon, and saw 4 of its levels.
You also visited: Ossuary.

You collected 146 gold pieces.

Inventory:

Hand Weapons
 n - a +0 mace (weapon)
Missiles
 h - 64 stones (quivered)
Armour
 b - a +0 robe (worn)
Jewellery
 e - a +4 ring of protection (left hand)
 o - an amulet of the gourmand (around neck)
 r - a +2 ring of evasion (right hand)
 t - a cursed ring of positive energy {unknown}
Wands
 a - a wand of disintegration (8/24)
Scrolls
 i - a scroll of amnesia {unknown}
 j - a scroll of magic mapping {unknown}
 k - a scroll of teleportation {unknown}
 l - 2 scrolls of remove curse {unknown}
 p - a scroll of identify
 q - a scroll of blinking {unknown}
Potions
 s - a potion of berserk rage
Comestibles
 c - 4 meat rations
 f - 3 bread rations
 g - 2 fruits
 m - 2 slices of pizza


   Skills:
 + Level 3.1 Fighting
 * Level 5.1 Maces & Flails
 + Level 4.9 Throwing
 + Level 2.1 Dodging
 - Level 0.6 Stealth


You had 4 spell levels left.
You didn't know any spells.

Dungeon Overview and Level Annotations

Branches:
Dungeon (4/15)
 Temple: D:4-7

Altars:
Uskayaw

Annotations:
D:4 Frank's ghost, amateur GrFi


Innate Abilities, Weirdness & Mutations

You are too large for most types of armour.
You have tough skin. (AC +1)


Message History

You throw a large rock. The large rock barely misses the mummy.
An arrow hits the mummy, but does no damage!
The mummy closely misses you.
Throwing (i - inventory. (,) - cycle):
d - 2 large rocks (quivered)
Press: ? - help, Shift-Dir - straight line, f/p - mummy
Aim: a mummy (almost destroyed)
You throw a large rock. The large rock hits the mummy.
You destroy the mummy!
The mummy hits you. x2
Throwing (i - inventory. (,) - cycle):
d - a large rock (quivered)
Press: ? - help, Shift-Dir - straight line, f - mummy
Aim: a mummy (moderately damaged)
You throw a large rock. The large rock hits the mummy!
The mummy is severely damaged.
The mummy hits you!
* * * LOW HITPOINT WARNING * * *
The mummy hits you.
* * * LOW HITPOINT WARNING * * *
The mummy hits you but does no damage. The mummy hits you!!
You die...

#.....#
+.....+
#.....#
+.....+
##.....##
#.......#
#...^...#
#...@...#
#..M(M..#
#...(...#
#.......#
#.......#
##.....##
#.....#
##.(.##
#####


You could see 2 mummies.

Vanquished Creatures
  Natasha (twice) (D:2)
  A mummy (Ossuary)
  Robin (D:4)
  An adder (D:2)
  3 oozes
  2 worms
  2 dart slugs
  3 leopard geckos
  An orc (D:3)
  7 bats
  5 giant cockroaches
  14 goblins
  12 hobgoblins
  4 jackals
  3 kobolds
  A ball python (D:2)
  4 frilled lizards
  A leopard gecko skeleton (D:3)
  9 rats
  A plant (D:3)
77 creatures vanquished.

Notes
Turn   | Place    | Note
-------+----------+-------------------------------------------
     0 | D:1      | Monsterracer the Ogre Hunter began the quest for the Orb.
     0 | D:1      | Reached XP level 1. HP: 22/22 MP: 1/1
   110 | D:1      | Reached XP level 2. HP: 22/29 MP: 2/2
   355 | D:1      | Reached XP level 3. HP: 30/37 MP: 3/3
   498 | D:1      | Reached skill level 1 in Maces & Flails
   965 | D:2      | Reached skill level 2 in Maces & Flails
  1101 | D:2      | Reached XP level 4. HP: 45/45 MP: 4/4
  1257 | D:2      | Reached skill level 3 in Maces & Flails
  1347 | D:3      | Found a hide-covered altar of Uskayaw.
  1626 | D:3      | Noticed Natasha
  1665 | D:2      | Killed Natasha
  1665 | D:2      | Reached skill level 4 in Maces & Flails
  1696 | D:2      | Noticed Natasha
  1709 | D:2      | Killed Natasha
  1709 | D:2      | Reached XP level 5. HP: 11/53 MP: 5/5
  2772 | D:4      | Noticed Robin
  3071 | D:4      | Killed Robin
  3071 | D:4      | Reached skill level 5 in Maces & Flails
  3117 | D:4      | Noticed Frank's ghost (amateur GrFi)
  3128 | D:4      | Found a sand-covered staircase.
  3147 | Ossuary  | Entered an ossuary
  3161 | Ossuary  | Demolished by a mummy

Skill      XL: |  1  2  3  4  5 |
---------------+----------------+-----
Dodging        | 2 |  2.1
Fighting       | 3 |  3.1
Maces & Flails | 2 4 5 |  5.1
Throwing       | |  4.9
Stealth        | |  0.6

Action                   |  1- 3 |  4- 6 || total
-------------------------+-------+-------++-------
Melee: Unarmed           |    70 |       ||    70
       Club              |    47 |    16 ||    63
       Mace              |       |   107 ||   107
Throw: Large rock        |    12 |    14 ||    26
       Throwing net      |     2 |       ||     2
       Stone             |    25 |    50 ||    75
  Use: Potion            |     3 |     2 ||     5
       Scroll            |     1 |     1 ||     2
 Stab: Held in net/web   |     1 |       ||     1
       Sleeping          |     2 |       ||     2
  Eat: Chunk             |     1 |    13 ||    14
Armor: Robe              |    88 |    55 ||   143
Dodge: Dodged            |    95 |    90 ||   185
